TOP OF THE 1ST |
Salem Silver Souls batting - Pitching for BlackIron Dragons : RHP Augusto Méndez
|
Pitching: RHP Augusto Méndez
|
|
Batting: LHB Nick Scott
|
0-0: Foul Ball, location: 2F 0-1: Called Strike 0-2: Strikes out swinging
|
Batting: RHB Augusto Baiano
|
0-0: Ball 1-0: Fly out, F9 (Flyball, 9M)
|
Batting: LHB Raúl Cordero
|
0-0: Foul Ball, location: 2F 0-1: Ball 1-1: SINGLE (Groundball, 4M)
|
Batting: LHB Ezechiele Bruno
|
0-0: Ball 1-0: Ball 2-0: Ball 3-0: Base on Balls Raúl Cordero to second
|
Batting: RHB Mario Méndez
|
0-0: Ball 1-0: Swinging Strike 1-1: Swinging Strike 1-2: Strikes out swinging
|
Top of the 1st over - 0 run(s), 1 hit(s), 0 error(s), 2 left on base; Salem 0 - BlackIron 0 |
BOTTOM OF THE 1ST |
BlackIron Dragons batting - Pitching for Salem Silver Souls : RHP Clark Noble
|
Pitching: RHP Clark Noble
|
|
Batting: RHB Juan Hernández
|
0-0: Called Strike 0-1: Foul Ball, location: 2F 0-2: Ball 1-2: Strikes out swinging
|
Batting: RHB José Colón
|
0-0: Ball 1-0: Called Strike 1-1: Ground out 6-3 (Groundball, 6)
|
Batting: RHB Gil Palmer
|
0-0: Called Strike 0-1: Ball 1-1: Foul Ball, location: 2F 1-2: Ground out 1-3 (Groundball, 13S)
|
Bottom of the 1st over - 0 run(s), 0 hit(s), 0 error(s), 0 left on base; Salem 0 - BlackIron 0 |
TOP OF THE 2ND |
Salem Silver Souls batting - Pitching for BlackIron Dragons : RHP Augusto Méndez
|
Batting: LHB Millard Dye
|
0-0: Called Strike 0-1: Swinging Strike 0-2: Ground out 6-3 (Groundball, 6M)
|
Batting: RHB Gabriel Miranda
|
0-0: Swinging Strike 0-1: Ground out 6-3 (Groundball, 6)
|
Batting: RHB Gustavo Pagán
|
0-0: Called Strike 0-1: Ball 1-1: Foul Ball, location: 2F 1-2: Ball 2-2: Foul Ball, location: 2F 2-2: Ball 3-2: Base on Balls
|
Batting: RHB Willie Houk
|
0-0: Ball 1-0: Ball 2-0: Ball 3-0: Swinging Strike 3-1: Base on Balls Gustavo Pagán to second
|
Batting: LHB Nick Scott
|
0-0: Ball 1-0: Ball 2-0: Called Strike 2-1: Foul Ball, location: 2F 2-2: Foul Ball, location: 2F 2-2: SINGLE (Flyball, 8LS) Gustavo Pagán to third Willie Houk to second Runner from 3rd tries for Home, SAFE, throw made at trailing runner, SAFE at third!
|
Batting: RHB Augusto Baiano
|
0-0: Foul Ball, location: 2F 0-1: Called Strike 0-2: Strikes out swinging
|
Top of the 2nd over - 1 run(s), 1 hit(s), 0 error(s), 2 left on base; Salem 1 - BlackIron 0 |
BOTTOM OF THE 2ND |
BlackIron Dragons batting - Pitching for Salem Silver Souls : RHP Clark Noble
|
Batting: LHB Culley Vaughan
|
0-0: Ball 1-0: Foul Ball, location: 2F 1-1: Fly out, F8 (Line Drive, 8LD)
|
Batting: RHB Preston MacLyan
|
0-0: Called Strike 0-1: Swinging Strike 0-2: Foul Ball, location: 2F 0-2: Ball 1-2: Ball 2-2: Strikes out swinging
|
Batting: RHB Frank Maxwell
|
0-0: Called Strike 0-1: Ground out 2-3 (Groundball, 2L)
|
Bottom of the 2nd over - 0 run(s), 0 hit(s), 0 error(s), 0 left on base; Salem 1 - BlackIron 0 |
TOP OF THE 3RD |
Salem Silver Souls batting - Pitching for BlackIron Dragons : RHP Augusto Méndez
|
Batting: LHB Raúl Cordero
|
0-0: Foul Ball, location: 2F 0-1: Fly out, F3 (Line Drive, 3L)
|
Batting: LHB Ezechiele Bruno
|
0-0: Swinging Strike 0-1: Foul Ball, location: 2F 0-2: Ball 1-2: Ball 2-2: Foul Ball, location: 2F 2-2: Ball 3-2: SOLO HOME RUN (Flyball, 78XD), Distance : 415 ft
|
Batting: RHB Mario Méndez
|
0-0: Ball 1-0: Ground out 6-3 (Groundball, 6)
|
Batting: LHB Millard Dye
|
0-0: Ball 1-0: Ball 2-0: Ball 3-0: Base on Balls
|
Batting: RHB Gabriel Miranda
|
0-0: Ball 1-0: Called Strike 1-1: Foul Ball, location: 2F 1-2: Ball 2-2: DOUBLE (Flyball, 78XD) Millard Dye to third
|
Batting: RHB Gustavo Pagán
|
0-0: Called Strike 0-1: Foul Ball, location: 2F 0-2: Strikes out swinging
|
Top of the 3rd over - 1 run(s), 2 hit(s), 0 error(s), 2 left on base; Salem 2 - BlackIron 0 |
BOTTOM OF THE 3RD |
BlackIron Dragons batting - Pitching for Salem Silver Souls : RHP Clark Noble
|
Batting: RHB Mark Arnold
|
0-0: Ball 1-0: Ball 2-0: Foul Ball, location: 2F 2-1: Foul Ball, location: 2F 2-2: Strikes out swinging
|
Batting: RHB Doug O'Brien
|
0-0: Ball 1-0: Called Strike 1-1: Foul Ball, location: 2F 1-2: Strikes out swinging
|
Batting: RHB Eugene Payne
|
0-0: Called Strike 0-1: Swinging Strike 0-2: Fly out, F8 (Flyball, 89M)
|
Bottom of the 3rd over - 0 run(s), 0 hit(s), 0 error(s), 0 left on base; Salem 2 - BlackIron 0 |
TOP OF THE 4TH |
Salem Silver Souls batting - Pitching for BlackIron Dragons : RHP Augusto Méndez
|
Batting: RHB Willie Houk
|
0-0: Fly out, F6 (Popup, 6MD)
|
Batting: LHB Nick Scott
|
0-0: Ball 1-0: Called Strike 1-1: Ball 2-1: Foul Ball, location: 2F 2-2: Foul Ball, location: 2F 2-2: Strikes out looking
|
Batting: RHB Augusto Baiano
|
0-0: Ball 1-0: SINGLE (Line Drive, 7S)
|
Batting: LHB Raúl Cordero
|
0-0: Called Strike 0-1: Ball 1-1: 2-RUN HOME RUN (Flyball, 9D), Distance : 408 ft
|
Batting: LHB Ezechiele Bruno
|
0-0: Called Strike 0-1: Ground out 4-3 (Groundball, 34)
|
Top of the 4th over - 2 run(s), 2 hit(s), 0 error(s), 0 left on base; Salem 4 - BlackIron 0 |
BOTTOM OF THE 4TH |
BlackIron Dragons batting - Pitching for Salem Silver Souls : RHP Clark Noble
|
Batting: RHB Juan Hernández
|
0-0: Called Strike 0-1: Fly out, F8 (Flyball, 8RM)
|
Batting: RHB José Colón
|
0-0: Called Strike 0-1: Ball 1-1: Ball 2-1: SINGLE (Flyball, 7LS)
|
Batting: RHB Gil Palmer
|
0-0: Foul Ball, location: 2F 0-1: Ball 1-1: Ball 2-1: Foul Ball, location: 2F 2-2: Ball 3-2: Fly out, F5 (Line Drive, 5)
|
Batting: LHB Culley Vaughan
|
0-0: Ground out U3 (Groundball, 3S)
|
Bottom of the 4th over - 0 run(s), 1 hit(s), 0 error(s), 1 left on base; Salem 4 - BlackIron 0 |
TOP OF THE 5TH |
Salem Silver Souls batting - Pitching for BlackIron Dragons : RHP Augusto Méndez
|
Batting: RHB Mario Méndez
|
0-0: DOUBLE (Line Drive, 5L)
|
Batting: LHB Millard Dye
|
0-0: Intentional Walk
|
Pitching: RHP Ken Burris
|
|
Batting: RHB Gabriel Miranda
|
0-0: Called Strike 0-1: Called Strike 0-2: DOUBLE (Line Drive, 8LXD) Mario Méndez scores Millard Dye to third Runner from 3rd tries for Home, SAFE, throw made home
|
Batting: RHB Gustavo Pagán
|
0-0: Ball 1-0: Ball 2-0: Ball 3-0: Base on Balls
|
Batting: RHB Willie Houk
|
0-0: Ball 1-0: Ball Wild Pitch! Gabriel Miranda to third Gustavo Pagán to second 2-0: Called Strike 2-1: Swinging Strike 2-2: Foul Ball, location: 2F 2-2: Strikes out swinging
|
Batting: LHB Nick Scott
|
0-0: Ball 1-0: Called Strike 1-1: Ball 2-1: Fly out, F8 (Flyball, 8RXD) Runner from 3rd tags up, SCORES, no throw Gustavo Pagán to third
|
Batting: RHB Augusto Baiano
|
0-0: Ball 1-0: SINGLE (Groundball, 5D) Gustavo Pagán scores
|
Batting: LHB Raúl Cordero
|
0-0: Called Strike 0-1: Ball 1-1: Ball 2-1: Swinging Strike 2-2: Foul Ball, location: 2F 2-2: Foul Ball, location: 2F 2-2: Ball Augusto Baiano steals 2nd base 3-2: Fly out, F9 (Flyball, 9M)
|
Top of the 5th over - 4 run(s), 3 hit(s), 0 error(s), 1 left on base; Salem 8 - BlackIron 0 |
BOTTOM OF THE 5TH |
BlackIron Dragons batting - Pitching for Salem Silver Souls : RHP Clark Noble
|
Batting: RHB Preston MacLyan
|
0-0: Ball 1-0: Called Strike 1-1: Ball 2-1: SINGLE (Groundball, 56D)
|
Batting: RHB Frank Maxwell
|
0-0: Ball Preston MacLyan steals 2nd base 1-0: Ball 2-0: Fly out, F8 (Flyball, 8LM)
|
Batting: RHB Mark Arnold
|
0-0: Ball 1-0: Ball 2-0: Foul Ball, location: 2F 2-1: Ball 3-1: Base on Balls
|
Batting: RHB Doug O'Brien
|
0-0: Fly out, F7 (Flyball, 78S)
|
Batting: RHB Eugene Payne
|
0-0: SINGLE (Line Drive, 6D) Preston MacLyan to third Mark Arnold to second Runner from 3rd tries for Home, SAFE, no throw or cutoff
|
Batting: RHB Juan Hernández
|
0-0: Called Strike 0-1: Foul Ball, location: 2F 0-2: Strikes out swinging
|
Bottom of the 5th over - 1 run(s), 2 hit(s), 0 error(s), 2 left on base; Salem 8 - BlackIron 1 |
TOP OF THE 6TH |
Salem Silver Souls batting - Pitching for BlackIron Dragons : RHP Ken Burris
|
Batting: LHB Ezechiele Bruno
|
0-0: Called Strike 0-1: Ball 1-1: Ball 2-1: Ground out 1-3 (Groundball, 23)
|
Batting: RHB Mario Méndez
|
0-0: Foul Ball, location: 2F 0-1: Ball 1-1: Ball 2-1: Foul Ball, location: 2F 2-2: DOUBLE (Line Drive, 56D)
|
Batting: LHB Millard Dye
|
0-0: Ball 1-0: Foul Ball, location: 2F 1-1: Ball 2-1: SINGLE (Line Drive, 89S) Mario Méndez to third
|
Pitching: RHP Luis Canseco
|
|
Batting: RHB Gabriel Miranda
|
0-0: Ball 1-0: Called Strike 1-1: Ball 2-1: Ball 3-1: Base on Balls Millard Dye to second
|
Batting: RHB Gustavo Pagán
|
0-0: Swinging Strike 0-1: Foul Ball, location: 2F 0-2: DOUBLE (Line Drive, 78S) Mario Méndez scores Millard Dye scores Gabriel Miranda to third
|
Batting: RHB Willie Houk
|
0-0: Ball Wild Pitch! Gabriel Miranda scores Gustavo Pagán to third 1-0: Foul Ball, location: 2F 1-1: Foul Ball, location: 2F 1-2: Ball 2-2: DOUBLE (Line Drive, 78D) Gustavo Pagán scores
|
Batting: LHB Nick Scott
|
0-0: Ball 1-0: Ball 2-0: Foul Ball, location: 2F 2-1: Ball 3-1: Base on Balls
|
Batting: RHB Augusto Baiano
|
0-0: Fielders Choice at 2nd, 1-6 (Groundball, 13S) Willie Houk to third
|
Batting: LHB Raúl Cordero
|
0-0: Ball 1-0: Foul Ball, location: 2F 1-1: Foul Ball, location: 2F 1-2: Ball 2-2: Ball Passed Ball! Willie Houk scores Augusto Baiano to second 3-2: Foul Ball, location: 2F 3-2: Base on Balls
|
Batting: LHB Ezechiele Bruno
|
0-0: Called Strike 0-1: Ball 1-1: Ball 2-1: Ball 3-1: Base on Balls Augusto Baiano to third Raúl Cordero to second
|
Batting: RHB Mario Méndez
|
0-0: Foul Ball, location: 2F 0-1: Fly out, F7 (Flyball, 7M)
|
Top of the 6th over - 5 run(s), 4 hit(s), 0 error(s), 3 left on base; Salem 13 - BlackIron 1 |
BOTTOM OF THE 6TH |
BlackIron Dragons batting - Pitching for Salem Silver Souls : RHP Clark Noble
|
Batting: RHB José Colón
|
0-0: Called Strike 0-1: Called Strike 0-2: Ground out 5-3 (Groundball, 5S)
|
Batting: RHB Gil Palmer
|
0-0: Ball 1-0: Swinging Strike 1-1: Ball 2-1: Called Strike 2-2: Strikes out swinging passed ball, reaches first!
|
Batting: LHB Culley Vaughan
|
0-0: Ball Gil Palmer steals 2nd base 1-0: Fly out, F7 (Flyball, 7LS)
|
Batting: RHB Preston MacLyan
|
0-0: Called Strike 0-1: Ball 1-1: Swinging Strike 1-2: Strikes out swinging
|
Bottom of the 6th over - 0 run(s), 0 hit(s), 0 error(s), 1 left on base; Salem 13 - BlackIron 1 |
TOP OF THE 7TH |
Salem Silver Souls batting - Pitching for BlackIron Dragons : RHP Luis Canseco
|
Batting: LHB Millard Dye
|
0-0: Ball 1-0: Foul Ball, location: 2F 1-1: Ball 2-1: Foul Ball, location: 2F 2-2: Fly out, F9 (Flyball, 9D)
|
Batting: RHB Gabriel Miranda
|
0-0: Ball 1-0: Called Strike 1-1: Ball 2-1: Foul Ball, location: 2F 2-2: Ground out 4-3 (Groundball, 4M)
|
Batting: RHB Gustavo Pagán
|
0-0: Ball 1-0: Ball 2-0: Ball 3-0: Base on Balls
|
Batting: RHB Willie Houk
|
0-0: Ball Gustavo Pagán steals 2nd base 1-0: Swinging Strike 1-1: Called Strike 1-2: Strikes out swinging
|
Top of the 7th over - 0 run(s), 0 hit(s), 0 error(s), 1 left on base; Salem 13 - BlackIron 1 |
BOTTOM OF THE 7TH |
BlackIron Dragons batting - Pitching for Salem Silver Souls : RHP Clark Noble
|
Batting: RHB Frank Maxwell
|
0-0: Ball 1-0: Foul Ball, location: 2F 1-1: Swinging Strike 1-2: Strikes out swinging
|
Batting: RHB Mark Arnold
|
0-0: Ball 1-0: Foul Ball, location: 2F 1-1: Fly out, F8 (Flyball, 8RM)
|
Batting: RHB Doug O'Brien
|
0-0: Ball 1-0: Foul Ball, location: 2F 1-1: Fly out, F3 (Popup, 3)
|
Bottom of the 7th over - 0 run(s), 0 hit(s), 0 error(s), 0 left on base; Salem 13 - BlackIron 1 |
TOP OF THE 8TH |
Salem Silver Souls batting - Pitching for BlackIron Dragons : RHP Luis Canseco
|
Batting: LHB Nick Scott
|
0-0: Called Strike 0-1: Bunted foul 0-2: Foul Ball, location: 2F 0-2: Ball 1-2: Foul Ball, location: 2F 1-2: Ball 2-2: DOUBLE (Line Drive, 7LD)
|
Batting: RHB Augusto Baiano
|
0-0: Called Strike 0-1: Ball 1-1: Called Strike 1-2: Ball 2-2: Ball 3-2: Foul Ball, location: 2F 3-2: Base on Balls
|
Pitching: LHP Ricardo Vega
|
|
Batting: LHB Raúl Cordero
|
0-0: Ball 1-0: Foul Ball, location: 2F 1-1: Foul Ball, location: 2F 1-2: Foul Ball, location: 2F 1-2: Ball 2-2: Ball 3-2: Foul Ball, location: 2F 3-2: Ground out 4-3 (Groundball, 4) Nick Scott to third Augusto Baiano to second
|
Batting: LHB Ezechiele Bruno
|
0-0: Called Strike 0-1: Ball 1-1: Foul Ball, location: 2F 1-2: Strikes out swinging
|
Batting: RHB Mario Méndez
|
0-0: Ball 1-0: Swinging Strike 1-1: Ball 2-1: Ball 3-1: Swinging Strike 3-2: Foul Ball, location: 2F 3-2: Foul Ball, location: 2F 3-2: Base on Balls
|
Batting: LHB Millard Dye
|
0-0: Called Strike 0-1: Ball 1-1: Ball 2-1: Ball 3-1: Called Strike 3-2: Foul Ball, location: 2F 3-2: Foul Ball, location: 2F 3-2: Strikes out swinging
|
Top of the 8th over - 0 run(s), 1 hit(s), 0 error(s), 3 left on base; Salem 13 - BlackIron 1 |
BOTTOM OF THE 8TH |
BlackIron Dragons batting - Pitching for Salem Silver Souls : RHP Clark Noble
|
Batting: RHB Eugene Payne
|
0-0: Ball 1-0: Ground out 1-3 (Groundball, 13S)
|
Batting: RHB Juan Hernández
|
0-0: Ball 1-0: DOUBLE (Line Drive, 7LS)
|
Batting: RHB José Colón
|
0-0: Called Strike 0-1: Ball 1-1: Swinging Strike 1-2: Ball 2-2: Ball 3-2: Base on Balls
|
Pitching: RHP Jeff Hansen
|
|
Batting: RHB Gil Palmer
|
0-0: Fly out, F5 (Line Drive, 5)
|
Batting: LHB Culley Vaughan
|
0-0: Called Strike 0-1: Foul Ball, location: 2F 0-2: Strikes out swinging
|
Bottom of the 8th over - 0 run(s), 1 hit(s), 0 error(s), 2 left on base; Salem 13 - BlackIron 1 |
TOP OF THE 9TH |
Salem Silver Souls batting - Pitching for BlackIron Dragons : LHP Ricardo Vega
|
Batting: RHB Gabriel Miranda
|
0-0: Ball 1-0: Ground out 5-3 (Groundball, 5)
|
Batting: RHB Gustavo Pagán
|
0-0: Ground out 4-3 (Groundball, 4M)
|
Batting: RHB Willie Houk
|
0-0: Foul Ball, location: 2F 0-1: Called Strike 0-2: Strikes out looking
|
Top of the 9th over - 0 run(s), 0 hit(s), 0 error(s), 0 left on base; Salem 13 - BlackIron 1 |
BOTTOM OF THE 9TH |
BlackIron Dragons batting - Pitching for Salem Silver Souls : RHP Jeff Hansen
|
Batting: RHB Preston MacLyan
|
0-0: Swinging Strike 0-1: Swinging Strike 0-2: Ground out 5-3 (Groundball, 5S)
|
Batting: RHB Frank Maxwell
|
0-0: Ball 1-0: Ball 2-0: Foul Ball, location: 2F 2-1: Ball 3-1: Base on Balls
|
Batting: RHB Mark Arnold
|
0-0: Swinging Strike 0-1: Swinging Strike 0-2: Ball 1-2: Foul Ball, location: 2F 1-2: Ball 2-2: Foul Ball, location: 2F 2-2: Foul Ball, location: 2F 2-2: Foul Ball, location: 2F 2-2: Foul Ball, location: 2F 2-2: Ball 3-2: Foul Ball, location: 2F 3-2: Foul Ball, location: 2F 3-2: Strikes out swinging
|
Batting: RHB Doug O'Brien
|
0-0: Called Strike 0-1: Ball 1-1: Ball 2-1: Called Strike 2-2: Foul Ball, location: 2F 2-2: Ball 3-2: Fly out, F9 (Flyball, 9M)
|
Bottom of the 9th over - 0 run(s), 0 hit(s), 0 error(s), 1 left on base; Salem 13 - BlackIron 1 |
|